 Dungeon Crawl Stone Soup version 0.30-a0-967-g9b59a09336 (webtiles) character file.

Game seed: 12490736725647095418

31 highc0 the Shooter (level 3, -1/20 HPs)
             Began as a Deep Elf Hexslinger on Mar 31, 2023.
             Slain by a hobgoblin
             ... wielding a +0 club
              (8 damage)
             ... on level 2 of the Dungeon.
             The game lasted 00:02:13 (1004 turns).

highc0 the Shooter (Deep Elf Hexslinger)            Turns: 1004, Time: 00:02:14

Health: -1/20      AC:  2    Str:  7    XL:     3   Next: 7%
Magic:  7/7        EV: 13    Int: 17    God:
Gold:   85         SH:  0    Dex: 17    Spells: 4/5 levels left

rFire   . . .      SeeInvis .    a - +1 sling
rCold   . . .      Faith    .    (no shield)
rNeg    . . .      Spirit   .    c - +0 robe
rPois   .          Reflect  .    (no helmet)
rElec   .          Rampage  .    (no cloak)
rCorr   .                        (no gloves)
Will    .....                    (no boots)
Stlth   ++                       d - amulet of magic regeneration
HPRegen 0.23/turn                (no ring)
MPRegen 0.50/turn                (no ring)

@: no status effects
A: no striking features
a: no special abilities


You were on level 2 of the Dungeon.
You visited 1 branch of the dungeon, and saw 2 of its levels.

You collected 85 gold pieces.

Inventory:

Hand Weapons
 a - a +1 sling (weapon)
Armour
 c - a +0 robe (worn)
Jewellery
 d - an amulet of magic regeneration (around neck)
Scrolls
 b - a scroll of poison
 h - a scroll of immolation {unknown}
Potions
 e - a potion of berserk rage {unknown}
 f - a potion of mutation {unknown}
 g - a potion of curing {unknown}
 i - 2 potions of flight {unknown}


   Skills:
 - Level 0.7 Fighting
 + Level 4.8 Ranged Weapons
 - Level 2.4 Dodging
 - Level 1.5 Spellcasting
 - Level 4.0 Hexes


You had 4 spell levels left.
You knew the following spells:

 Your Spells              Type           Power      Damage    Failure   Level
f - Slow                  Hex            56%        N/A       4%          1

Your spell library contained the following spells:

 Spells                   Type           Power      Damage    Failure   Level
 Ensorcelled Hibernation  Hex/Ice        16%        N/A       14%         2
 Inner Flame              Hex/Fire       8%         N/A       26%         3
 Portal Projectile        Hex/Tloc       16%        N/A       26%         3
 Passwall                 Tmut/Erth      0%         N/A       30%         2
 Cause Fear               Hex            7%         N/A       36%         4
 Swiftness                Air            1%         N/A       52%         3


Dungeon Overview and Level Annotations

Branches:
Dungeon (2/15)

Altars:


Message History

There is a stone staircase leading up here.
You shoot a sling bullet.
The sling bullet misses the frilled lizard.
The frilled lizard bites you.
You shoot a sling bullet.
The sling bullet closely misses the frilled lizard.
The frilled lizard bites you. The frilled lizard barely misses you.
You shoot a sling bullet.
The sling bullet hits the frilled lizard!
You kill the frilled lizard!
No target in view!
You start resting.
HP restored.
You start waiting.
Done waiting.
You open the door. 2 goblins come into view.
There is an open door here.
You shoot a sling bullet. The sling bullet hits the goblin.
You kill the goblin!
The goblin shouts!
You hear a shout! x2; You hear a bark!
You shoot a sling bullet.
The sling bullet closely misses the goblin.
A hobgoblin comes into view. It is wielding a +0 club.
You shoot a sling bullet.
The sling bullet completely misses the goblin.
You hear a bark!
You shoot a sling bullet.
The sling bullet closely misses the goblin.
A jackal comes into view.
The goblin hits you with a +0 club.
You shoot a sling bullet.
The sling bullet closely misses the goblin.
The goblin hits you with a +0 club. The hobgoblin misses you.
You shoot a sling bullet.
The sling bullet barely misses the goblin.
The goblin misses you. The hobgoblin hits you with a +0 club.
The goblin attacks as you move away! The goblin hits you with a +0 club.
The hobgoblin attacks as you move away! The hobgoblin hits you with a +0 club!
You die...

##### #...#
#...#
###...#####
#g@........
#g#...#####
#h#<.......
#)#########
.. #. .. ##


You could see a jackal, a hobgoblin and a goblin.

Vanquished Creatures
  3 endoplasms (D:1)
  2 giant cockroaches (D:1)
  A goblin (D:2)
  3 hobgoblins (D:1)
  6 jackals
  A quokka (D:1)
  2 ball pythons (D:1)
  3 bats (D:1)
  2 frilled lizards
  6 rats (D:1)
29 creatures vanquished.

Notes
Turn   | Place    | Note
-------+----------+-------------------------------------------
     0 | D:1      | highc0 the Deep Elf Hexslinger began the quest for the Orb.
     0 | D:1      | Reached XP level 1. HP: 11/11 MP: 5/5
   164 | D:1      | Reached XP level 2. HP: 16/16 MP: 6/6
   267 | D:1      | Found a faded altar of an unknown god.
   708 | D:1      | Reached XP level 3. HP: 11/20 MP: 7/7
  1004 | D:2      | Slain by a hobgoblin

Illustrated notes

Levels and vault maps discovered:
D:1:      nagdon_arrival_double_spiral, layout_basic,
          dreamdust_ecumenical_altar_statues
D:2:      layout_basic

Skill      XL: |  1  2 |
---------------+-------+-----
Ranged Weapons | 3 4 |  4.8
Fighting       | |  0.7
Dodging        | |  2.4
Spellcasting   | |  1.5
Hexes          | |  4.0

Action                     || total
---------------------------++-------
   Fire: Sling             ||    65
   Cast: Slow              ||     8
 Armour: Robe              ||     5
  Dodge: Dodged            ||    23

Table legend: (Time is in decaauts)
 A = Elapsed time spent in this place.
 B = Non-inter-level travel time spent in this place.
 C = Inter-level travel time spent in this place.
 D = Time resting spent in this place.
 E = Time spent auto-exploring this place.
 F = Levels seen in this place.
 G = Mean time per level.
                   A        B        C        D        E       F      G
               +--------+--------+--------+--------+--------+-----+--------+
         Total |   1051 |   1008 |     43 |    273 |    520 |   2 |  525.5 |
       Dungeon |   1051 |   1008 |     43 |    273 |    520 |   2 |  525.5 |
               +--------+--------+--------+--------+--------+-----+--------+

Top non-repeatable levels by time:
     D:1: 917 daAuts
     D:2: 133 daAuts
